 Dungeon Crawl Stone Soup version 0.31-a0-1084-gb392501acf (webtiles) character file.

Game seed: 12754022488074162445

1213 Descartes the Geomancer (level 8, 0/52 HPs)
             Began as a Formicid Earth Elementalist on Nov 28, 2023.
             Was an Initiate of Gozag.
             Slain by an orc warrior
             ... wielding a +0 war axe
              (14 damage)
             ... on level 6 of the Dungeon.
             The game lasted 00:15:02 (6632 turns).

Descartes the Geomancer (FoEE)                      Turns: 6632, Time: 00:15:03

Health: 0/52       AC:  7    Str: 15    XL:     8   Next: 74%
Magic:  10/17      EV: 10    Int: 15    God:    Gozag
Gold:   585        SH:  0    Dex: 14    Spells: 19/20 levels left

rFire   . . .        h - +3 long sword
rCold   + . .        (no shield)
rNeg    . . .        f - +0 scale mail
rPois   .            (helmet unavailable)
rElec   +            (no cloak)
rCorr   +            (no gloves)
SInv    +            (no boots)
Will    .....        (no amulet)
Stlth   +            k - ring of protection from cold
HPRegen 0.28/turn    e - ring "Jasual" {Wiz rElec rCorr}
MPRegen 0.15/turn

%: wizardry (x1)
@: no status effects
A: permanent stasis, dig shafts and tunnels, antennae 3, four strong arms
a: Dig, Shaft Self, Renounce Religion, Potion Petition, Call Merchant, Bribe
Branch


You were on level 6 of the Dungeon.
You worshipped Gozag.
Gozag was pleased with you.
You visited 2 branches of the dungeon, and saw 7 of its levels.
You also visited: Ossuary.

You collected 646 gold pieces.
You paid 61 gold pieces to Gozag.

Inventory:

Hand Weapons
 h - a +3 long sword (weapon)
Missiles
 i - 20 poisoned darts
Armour
 f - a +0 scale mail (worn)
 r - a +0 chain mail
Jewellery
 e - the ring "Jasual" (right hand) {Wiz rElec rCorr}
   (You found it on level 5 of the Dungeon)

   [ring of wizardry]

   Wiz:       It improves your spell success rate.
   rElec:     It insulates you from electricity.
   rCorr:     It protects you from acid and corrosion.
 k - a ring of protection from cold (left hand)
 v - a ring of flight
Wands
 m - a wand of polymorph (12)
 w - a wand of digging (2)
Scrolls
 d - 2 scrolls of revelation
 l - a scroll of blinking {unknown}
 o - a scroll of enchant armour
 s - a scroll of fog {unknown}
 t - a scroll of immolation {unknown}
 y - a scroll of summoning {unknown}
 C - a scroll of fear {unknown}
 D - 2 scrolls of vulnerability {unknown}
Potions
 a - a potion of resistance
 b - 2 potions of magic
 c - 2 potions of might
 g - a potion of lignification {unknown}
 j - 7 potions of curing
 n - 5 potions of heal wounds
 p - 2 potions of mutation {unknown}
 q - a potion of enlightenment
 u - a potion of brilliance {unknown}
 x - a potion of invisibility {unknown}
 z - a potion of ambrosia {unknown}
 A - a potion of berserk rage {unknown}
 B - 2 potions of attraction {unknown}


   Skills:
 - Level 5.0 Armour
 - Level 1.7 Dodging
 - Level 2.4 Stealth
 + Level 6.5 Spellcasting
 - Level 1.1 Transmutations
 + Level 8.1 Earth Magic


You had 19 spell levels left.
You knew the following spells:

 Your Spells              Type           Power      Damage    Failure   Level
a - Sandblast             Erth           58%        2d13      1%          1

Your spell library contained the following spells:

 Spells                   Type           Power      Damage    Failure   Level
 Passwall                 Tmut/Erth      15%        N/A       4%          2
 Stone Arrow              Conj/Erth      34%        3d9       12%         3
 Cigotuvi's Dreadful Rot  Necr/Pois/Air  8%         N/A       28%         2
 Petrify                  Tmut/Erth      18%        N/A       28%         4
 Brom's Barrelling Bould  Conj/Erth      17%        2d4       34%         4
 Ignite Poison            Fire/Tmut/Pois 5%         N/A       45%         3
 Freezing Cloud           Conj/Ice/Air   2%         6-21      99%         5


Dungeon Overview and Level Annotations

Branches:
Dungeon (6/15)             Temple (1/1) D:5         Ossuary (visited)

Altars:
Ashenzari
Dithmenos
Elyvilon
Gozag
Hepliaklqana
Kikubaaqudgha
Makhleb
Nemelex Xobeh
Qazlal
Trog
Uskayaw
Wu Jian
Yredelemnul
Zin
The Shining One

Shops:
D:1 :*[


Innate Abilities, Weirdness & Mutations

You cannot be hasted, slowed, berserked, paralysed or teleported.
You can dig through walls and to a lower floor.
You have a pair of large antennae on your head. (SInv)
Your four strong arms can wield two-handed weapons with a shield.


Message History

Press: ? - help, Shift-Dir - straight line, f/p - orc warrior
Aim: an orc warrior, wielding a +0 war axe and wearing a +0 chain mail (lightly wounded, 81% to hit)
The blast of sand misses the orc warrior.
The orc warrior barely misses you.
Casting: Sandblast (safe; 1% risk of failure)
Confirm with . or Enter, or press ? or * to list all spells.
Aiming: Sandblast (safe; 1% risk of failure)
Press: ? - help, Shift-Dir - straight line, f/p - orc warrior
Aim: an orc warrior, wielding a +0 war axe and wearing a +0 chain mail (lightly wounded, 81% to hit)
The blast of sand hits the orc warrior.
The orc warrior is moderately wounded.
The orc warrior closely misses you. The orc warrior barely misses you.
Casting: Sandblast (safe; 1% risk of failure)
Confirm with . or Enter, or press ? or * to list all spells.
Aiming: Sandblast (safe; 1% risk of failure)
Press: ? - help, Shift-Dir - straight line, f/p - orc warrior
Aim: an orc warrior, wielding a +0 war axe and wearing a +0 chain mail (moderately wounded, 81% to hit)
The blast of sand hits the orc warrior.
The orc warrior is heavily wounded.
The orc warrior hits you with a +0 war axe!
Casting: Sandblast (safe; 1% risk of failure)
Confirm with . or Enter, or press ? or * to list all spells.
Aiming: Sandblast (safe; 1% risk of failure)
Press: ? - help, Shift-Dir - straight line, f/p - orc warrior
Aim: an orc warrior, wielding a +0 war axe and wearing a +0 chain mail (heavily wounded, 81% to hit)
The blast of sand hits the orc warrior!
The orc warrior is severely wounded.
The orc warrior hits you with a +0 war axe!
The orc warrior hits you with a +0 war axe.
* * * LOW HITPOINT WARNING * * *
Casting: Sandblast (safe; 1% risk of failure)
Confirm with . or Enter, or press ? or * to list all spells.
Aiming: Sandblast (safe; 1% risk of failure)
Press: ? - help, Shift-Dir - straight line, f/p - orc warrior
Aim: an orc warrior, wielding a +0 war axe and wearing a +0 chain mail (severely wounded, 81% to hit)
The blast of sand hits the orc warrior but does no damage.
The orc warrior is severely wounded.
The orc warrior hits you with a +0 war axe!
You die...
Your body crumbles into a pile of gold.

,,,,,**,,.#*..,**,*########..)##.
,,,,,,,,*##**,,,**,.......#....')
,,,,,,*,*._.**,,,**.......#..###.
*****,*,*.).#**,,,*****#.....# #.
*,*,*#...#∩*,,,** ##....# #.
*****,*,,*#...#**,,,* ##.>#.# #.
,,,**,**,,*#...#*,_,####.....###.
,,,,,,**,***#..o#####....#.#.....
,*,*,,,,,*,,*#..@##.#.##.#.......
,*,*,*****,..##...#...##'###.....
,*,*,* *................##.)...
**,*,* *.###............##.....
*,*,*****,#..............##.....
*<*,,,,,,,#.##...........##.....
*,********#.*#...........##.....
*,*****,,,.,#.......#######.....
*,,,,,,,,,,,#.#######*****#.....


You could see an orc warrior.

Vanquished Creatures
  2 ice beasts
  A centaur (D:6)
  2 phantoms (D:6)
  A scorpion (D:4)
  3 water moccasin zombies (Ossuary)
  2 howler monkeys (D:6)
  3 hounds
  A jelly (D:5)
  An orc priest (D:5)
  An iguana (D:6)
  2 orc wizards
  Natasha (thrice) (D:2)
  2 mummies (Ossuary)
  7 adders
  A white imp (D:3)
  3 adder zombies (Ossuary)
  3 worms
  2 dart slugs
  8 orcs
  6 endoplasms
  A giant cockroach (D:1)
  5 gnoll zombies (Ossuary)
  8 goblins
  10 hobgoblins
  5 jackals
  2 quokkas
  4 ball pythons
  7 bats
  4 frilled lizards
  2 hobgoblin zombies (Ossuary)
  3 kobolds
  10 kobold zombies (Ossuary)
  3 orc zombies (Ossuary)
  5 rats
123 creatures vanquished.

Notes
Turn   | Place    | Note
-------+----------+-------------------------------------------
     0 | D:1      | Descartes the Formicid Earth Elementalist began the quest
                  | for the Orb.
     0 | D:1      | Reached XP level 1. HP: 13/13 MP: 3/3
    44 | D:1      | Found Xielier's Book Shoppe.
   290 | D:1      | Found Jodalid's Armour Shop.
   339 | D:1      | Reached XP level 2. HP: 19/19 MP: 1/5
   370 | D:1      | Reached skill level 1 in Armour
   439 | D:1      | Found Ongieveg's General Store.
   879 | D:1      | Reached skill level 4 in Earth Magic
  1307 | D:2      | Reached XP level 3. HP: 24/24 MP: 4/7
  1643 | D:2      | Noticed Natasha
  1646 | D:2      | Killed Natasha
  1647 | D:2      | Reached XP level 4. HP: 30/30 MP: 5/8
  1654 | D:2      | Noticed Natasha
  1661 | D:2      | Killed Natasha
  1823 | D:2      | Found a faded altar of an unknown god.
  1825 | D:2      | Reached XP level 5. HP: 35/35 MP: 7/9
  2334 | D:2      | Noticed Natasha
  2342 | D:2      | Killed Natasha
  2797 | D:3      | Reached skill level 5 in Earth Magic
  3656 | D:4      | Reached XP level 6. HP: 39/41 MP: 5/11
  4212 | D:4      | Found an opulent altar of Gozag.
  4212 | D:4      | Found a white marble altar of Elyvilon.
  4217 | D:4      | Became a worshipper of Gozag Ym Sagoz the Greedy
  4423 | D:5      | Entered Level 5 of the Dungeon
  4480 | D:5      | Noticed an ice beast
  4502 | D:4      | Reached XP level 7. HP: 19/46 MP: 8/13
  4630 | D:4      | Reached skill level 6 in Earth Magic
  4939 | D:5      | Identified the ring "Jasual" {Wiz rElec rCorr}
  5248 | D:5      | Found a glowing golden altar of the Shining One.
  5493 | D:5      | Found a staircase to the Ecumenical Temple.
  5502 | Temple   | Entered the Ecumenical Temple
  5714 | D:6      | Reached skill level 5 in Spellcasting
  5773 | D:6      | Found a sand-covered staircase.
  5777 | Ossuary  | Entered an ossuary
  5911 | Ossuary  | Reached skill level 5 in Armour
  5911 | Ossuary  | Reached XP level 8. HP: 42/52 MP: 9/15
  6103 | Ossuary  | Reached skill level 7 in Earth Magic
  6516 | D:6      | Reached skill level 8 in Earth Magic
  6623 | D:6      | Found a bloodstained altar of Trog.
  6632 | D:6      | Slain by an orc warrior

Illustrated notes

Levels and vault maps discovered:
D:1:      onia_arrival_mini_spirals, layout_basic, serial_shops, shop,
          nicolae_shop_peninsula, nicolae_shop_hallway_stairs,
          minmay_hedge_maze, minmay_fountain_box, corexii_corridor_pit
D:2:      cheibrodos_helix_gallery, layout_loops_corners,
          shapermc_ecumenical_altar_flowoftime, uniq_natasha
D:3:      layout_basic, nicolae_twisty_statue_hallways
D:4:      layout_cave_pools, jmf_multi_god_temple
D:5:      layout_basic, nicolae_tso_carved_into_rock, lemuel_temple_firewalk_b
D:6:      layout_basic, nzn_overflow_gifts_of_might_and_magic,
          kennysheep_okawaru_gauntlet, nicolae_ossuary_entry_plus
Temple:   hellmonk_temple_of_storms

Skill      XL: |  1  2  3  4  5  6  7  8 |
---------------+-------------------------+-----
Armour         | 1 2 3 4 5 |  5.0
Earth Magic    | 4 5 6 8 |  8.1
Spellcasting   | 3 4 5 6 |  6.5
Dodging        | |  1.7
Stealth        | |  2.4
Transmutations | |  1.1

Action                     |  1- 3 |  4- 6 |  7- 9 || total
---------------------------+-------+-------+-------++-------
  Melee: Hand axe          |     1 |    16 |       ||    17
         Unarmed           |       |     3 |       ||     3
   Cast: Sandblast         |    42 |    75 |   141 ||   258
    Use: Scroll            |       |     8 |     1 ||     9
         Potion            |       |     1 |       ||     1
 Armour: Scale mail        |    22 |    35 |    74 ||   131
         Skin              |       |     1 |       ||     1
  Dodge: Dodged            |    13 |    16 |    47 ||    76

Table legend: (Time is in decaauts)
 A = Elapsed time spent in this place.
 B = Non-inter-level travel time spent in this place.
 C = Inter-level travel time spent in this place.
 D = Time resting spent in this place.
 E = Time spent auto-exploring this place.
 F = Levels seen in this place.
 G = Mean time per level.
                   A        B        C        D        E       F      G
               +--------+--------+--------+--------+--------+-----+--------+
         Total |   6766 |   6541 |    225 |    100 |   5486 |   8 |  845.8 |
       Dungeon |   6233 |   6008 |    225 |    100 |   5069 |   6 | 1038.8 |
        Temple |      1 |      1 |      0 |      0 |      0 |   1 |    1.0 |
       Ossuary |    532 |    532 |      0 |      0 |    417 |   1 |  532.0 |
               +--------+--------+--------+--------+--------+-----+--------+

Top non-repeatable levels by time:
     D:2: 1518 daAuts
     D:1: 1282 daAuts
     D:4: 1054 daAuts
     D:5: 1044 daAuts
     D:3: 885 daAuts
 Ossuary: 532 daAuts
     D:6: 448 daAuts
  Temple: 1 daAuts
